 Dungeon Crawl Stone Soup version 0.22-a0-398-g8bb545f (webtiles) character file.

2049 Borgoz the Cleaver (level 9, -4/78 HPs)
             Began as a Minotaur Gladiator on May 4, 2018.
             Was an Initiate of Ashenzari.
             Splashed by a jelly's acid (7 damage)
             ... on level 6 of the Dungeon.
             The game lasted 00:12:34 (5906 turns).

Borgoz the Cleaver (Minotaur Gladiator)             Turns: 5906, Time: 00:12:35

Health: -4/78      AC: -5    Str: 19    XL:     9   Next: 4%
Magic:  8/8        EV: 11    Int:  5    God:    Ashenzari [......]
Gold:   305        SH:  0    Dex: 15    Spells: 8/8 levels left

rFire    . . .     SeeInvis .   B - +0 hand axe (flame)
rCold    + . .     Gourm    .   (no shield)
rNeg     . . .     Faith    .   j - +0 chain mail
rPois    .         Spirit   .   c - +0 hat (curse)
rElec    .         Reflect  .   (no cloak)
rCorr    .         Harm     .   (no gloves)
MR       .....                  (no boots)
Stlth    ..........             (no amulet)
HPRegen  0.23/turn              z - ring of protection from cold
MPRegen  0.11/turn              (no ring)

@: corroded
A: retaliatory headbutt, horns 2
a: Curse Item, Renounce Religion


You were on level 6 of the Dungeon.
You worshipped Ashenzari.
Ashenzari was noncommittal.
You were not hungry.

You visited 2 branches of the dungeon, and saw 7 of its levels.

You collected 305 gold pieces.

Inventory:

Hand Weapons
 B - a +0 hand axe of flaming (weapon)
Missiles
 d - 3 throwing nets (quivered)
Armour
 c - a cursed +0 hat (worn)
 j - a +0 chain mail (worn)
Jewellery
 q - an uncursed ring of fire
 u - the amulet of the Air {Inacc +Fly rElec EV+5 RMsl}
   (You found it on level 4 of the Dungeon)

   [amulet of inaccuracy]

   It reduces the accuracy of all your attacks.
   It affects your evasion (+5).
   It insulates you from electricity.
   It lets you fly.
   It protects you from missiles.
 z - a ring of protection from cold (left hand)
Wands
 t - a wand of flame (39)
Scrolls
 e - a scroll of enchant armour {unknown}
 g - a scroll of random uselessness {unknown}
 h - 3 scrolls of teleportation {unknown}
 k - a scroll of magic mapping {unknown}
 n - a scroll of remove curse
 o - 2 scrolls of fog {unknown}
 p - a scroll of immolation {unknown}
 s - 2 scrolls of enchant weapon {unknown}
 w - a scroll of amnesia {unknown}
 y - a scroll of noise {unknown}
Potions
 b - 2 potions of haste
 i - a potion of heal wounds
 l - 3 potions of degeneration
 m - a potion of magic
 r - 4 potions of curing
 v - 2 potions of mutation
 x - 2 potions of might {unknown}
Comestibles
 f - 14 rations


   Skills:
 + Level 6.7 Fighting
 * Level 9.7 Axes
 - Level 2.0 Throwing
 + Level 6.1 Armour
 + Level 6.7 Dodging


You had 8 spell levels left.
You didn't know any spells.

Dungeon Overview and Level Annotations

Branches:
Dungeon (6/15)             Temple (1/1) D:6

Altars:
Ashenzari
Cheibriados
Dithmenos
Fedhas
Gozag
Hepliaklqana
Kikubaaqudgha
Makhleb
Okawaru
Qazlal
Ru
Sif Muna
Trog
Uskayaw
Vehumet
Wu Jian
Xom
Yredelemnul
Zin
The Shining One


Innate Abilities, Weirdness & Mutations

You reflexively headbutt those who attack you in melee.
You have a pair of horns on your head.


Message History

The jelly completely misses you.
You hit the jelly. You burn the jelly.
Your hands burn!
* * * LOW HITPOINT WARNING * * *
You headbutt the jelly, but do no damage.
The jelly is almost dead.
The jelly hits you.
* * * LOW HITPOINT WARNING * * *
You are splashed with acid!
The acid burns!
* * * LOW HITPOINT WARNING * * *
You hit the jelly but do no damage.
Your hands burn!
* * * LOW HITPOINT WARNING * * *
You headbutt the jelly, but do no damage.
The jelly is almost dead.
You hit the jelly but do no damage.
Your hands burn!
* * * LOW HITPOINT WARNING * * *
The jelly is almost dead.
The jelly hits you.
* * * LOW HITPOINT WARNING * * *
The acid corrodes you!
You are splashed with acid!
The acid burns!
You die...

.. #.# ≈.. .... #.#
..##..# ### #..## ##.##
....... .. #.#.###....
.......
.#######.#.....### ##
.......##..........###..#
.. .........#
######.#.#.#.# ..
..###.?#.# #.##.##.# ##
#..#.########.##.##.#
#..#.J@.......##.##.#
#..#####.........##..
#...................#
##........###########
##########


You could see a jelly.

Vanquished Creatures
  The ghost of TheNamelessOne the Ruffian, a novice OgTm of Cheibriados (D:5)
  A hippogriff (D:6)
  Menkaure (D:6)
  The ghost of Feta the Chiller, an amateur OpIE of Vehumet (D:3)
  An ice beast (D:6)
  An orc warrior (D:6)
  An ogre (D:5)
  2 scorpions (D:6)
  A howler monkey (D:2)
  A centaur zombie (D:6)
  2 crimson imps (D:5)
  An orc priest (D:6)
  Jessica (D:3)
  3 orc wizards
  Natasha (thrice) (D:3)
  11 worker ants
  A killer bee zombie (D:5)
  A gnoll (D:1)
  5 adders
  4 oozes
  3 dart slugs
  A worm (D:2)
  2 leopard geckos
  18 orcs
  2 ball pythons (D:3)
  13 bats
  5 giant cockroaches
  9 hobgoblins
  2 jackals (D:6)
  7 frilled lizards
  13 goblins
  8 kobolds
  A quokka zombie (D:6)
  7 rats
134 creatures vanquished.

Notes
Turn   | Place    | Note
-------+----------+-------------------------------------------
     0 | D:1      | Borgoz the Minotaur Gladiator began the quest for the Orb.
     0 | D:1      | Reached XP level 1. HP: 18/18 MP: 0/0
   150 | D:1      | Reached XP level 2. HP: 19/25 MP: 1/1
   231 | D:1      | Reached skill level 4 in Axes
   374 | D:1      | Reached skill level 1 in Armour
   628 | D:1      | Reached XP level 3. HP: 22/31 MP: 2/2
  1114 | D:2      | Reached XP level 4. HP: 23/38 MP: 3/3
  1123 | D:2      | Reached skill level 5 in Axes
  1573 | D:2      | Reached XP level 5. HP: 45/45 MP: 4/4
  2031 | D:3      | Noticed Feta's ghost (amateur OpIE)
  2228 | D:3      | Noticed Jessica
  2235 | D:3      | Killed Jessica
  2375 | D:3      | Killed Feta's ghost
  2375 | D:3      | Reached XP level 6. HP: 21/52 MP: 5/5
  2633 | D:3      | Reached skill level 6 in Axes
  2635 | D:3      | Noticed Natasha
  2639 | D:3      | Killed Natasha
  2705 | D:3      | Noticed Natasha
  2708 | D:3      | Killed Natasha
  2901 | D:3      | Noticed Natasha
  2907 | D:3      | Killed Natasha
  3175 | D:4      | Found the amulet of the Air {Inacc +Fly rElec EV+5 RMsl}
  3648 | D:5      | Entered Level 5 of the Dungeon
  3673 | D:5      | Noticed TheNamelessOne's ghost (novice OgTm)
  3687 | D:5      | Killed TheNamelessOne's ghost
  3687 | D:5      | Reached skill level 5 in Fighting
  3687 | D:5      | Reached skill level 7 in Axes
  3687 | D:5      | Reached skill level 5 in Dodging
  3687 | D:5      | Reached XP level 7. HP: 31/61 MP: 6/6
  4363 | D:5      | Reached XP level 8. HP: 69/69 MP: 7/7
  4371 | D:5      | Reached skill level 8 in Axes
  4670 | D:5      | Reached skill level 5 in Armour
  4908 | D:6      | Found a staircase to the Ecumenical Temple.
  4923 | Temple   | Entered the Ecumenical Temple
  4944 | Temple   | Became a worshipper of Ashenzari the Shackled
  5095 | D:6      | Noticed Menkaure
  5099 | D:6      | Killed Menkaure
  5198 | D:6      | HP: 3/70 [orc warrior/hand axe of flaming (7)]
  5203 | D:6      | Reached skill level 9 in Axes
  5481 | D:6      | Found a deep blue altar of Sif Muna.
  5481 | D:6      | Found a radiant altar of Vehumet.
  5497 | D:6      | Found a sacrificial altar of Ru.
  5500 | D:6      | Found a snail-covered altar of Cheibriados.
  5541 | D:6      | Found a sacrificial altar of Ru.
  5631 | D:6      | Noticed a hippogriff
  5636 | D:6      | Killed a hippogriff
  5720 | D:6      | Found a hide-covered altar of Uskayaw.
  5848 | D:6      | Reached XP level 9. HP: 68/78 MP: 8/8
  5906 | D:6      | HP: 3/78 [jelly (2)]
  5906 | D:6      | Splashed by a jelly's acid

Vault maps used:
D:1:      minmay_arrival_jagged
D:2:      palyth_stone_intersect
D:3:      minmay_misc_feat_rows, uniq_natasha, uniq_jessica
D:5:      first_ration
D:6:      grunt_temple_overflow_cloverleaf, kennysheep_mini_moat,
          minmay_temple_entry_purple_smoke, nicolae_ru_awakened_eye,
          uniq_menkaure
Temple:   regret_index_temple_waves

Skill      XL: |  1  2  3  4  5  6  7  8 |
---------------+-------------------------+-----
Axes           | 4 5 7 9 |  9.7
Armour         | 1 2 3 4 6 |  6.1
Fighting       | 3 4 5 6 |  6.7
Dodging        | 4 5 6 |  6.7
Throwing       | |  2.0

Action                   |  1- 3 |  4- 6 |  7- 9 || total
-------------------------+-------+-------+-------++-------
Melee: War axe           |    61 |   136 |    73 ||   270
       Headbutt          |     6 |    21 |    37 ||    64
       Hand axe          |       |       |    64 ||    64
Invok: Curse Item        |       |       |     1 ||     1
  Use: Scroll            |       |     5 |     1 ||     6
       Potion            |       |     2 |     2 ||     4
  Eat: Chunk             |     1 |     8 |     7 ||    16
Armor: Leather armour    |     7 |       |       ||     7
       Chain mail        |    16 |    79 |    52 ||   147
Dodge: Dodged            |    35 |    69 |    67 ||   171

Table legend:
 A = Spawn XP
 B = Non-spawn XP
 C = Spawn XP percentage of total XP
 D = Spawn monster count
 E = Non-spawn monster count
 F = Spawn count percentage of total count
 G = Total turns spent on level
                    A         B        C        D         E        F      G
               +---------+---------+-------+---------+---------+-------+---------
         Total |       0 |    2928 |   0.0 |       0 |     134 |   0.0 |  5906
               +---------+---------+-------+---------+---------+-------+---------
           D:1 |       0 |      71 |   0.0 |       0 |      30 |   0.0 |   996
           D:2 |       0 |     137 |   0.0 |       0 |      21 |   0.0 |  1158
           D:3 |       0 |     365 |   0.0 |       0 |      31 |   0.0 |   885
           D:4 |       0 |      49 |   0.0 |       0 |       6 |   0.0 |   609
           D:5 |       0 |    1109 |   0.0 |       0 |      20 |   0.0 |  1250
           D:6 |       0 |    1197 |   0.0 |       0 |      26 |   0.0 |   859
               +---------+---------+-------+---------+---------+-------+---------
